Map: Dusk Towers

Players

starkiller

  • Race: Zerg Zerg
  • League: Master

MCanning - Winner!

  • Race: Protoss Protoss
  • League: Grandmaster

VOD

Have the link to the VOD?

Description

Time

  • Played on: Dec. 30, 2015, 12:36 a.m.
  • Length: 15:05
Show
View Real Time Build Order
Export as new Build Order

starkiller Zerg 

Build Orders: 3 Hatch before Pool, Lurkers 

Get SALT Encoding   

  12  0:01  Drone  
  13  0:12  Overlord  
  13  0:17  Drone  
  14  0:30  Drone  
  14  0:31  Drone  
  14  0:35  Drone  
  17  0:53  Hatchery  
  16  0:59  Drone x2  
  18  1:21  Hatchery  
  18  1:23  Drone  
  18  1:29  Extractor  
  17  1:37  Spawning Pool  
  16  1:40  Drone  
  16  1:44  Drone  
  18  1:47  Drone  
  18  1:52  Drone  
  20  2:06  Drone x2  
  22  2:14  Drone  
  23  2:16  Drone  
  24  2:29  Metabolic Boost  
  24  2:34  Queen x2  
  28  2:39  Queen  
  28  2:43  Drone  
  31  2:49  Overlord  
  31  2:55  Zergling x2  
  31  2:56  Zergling x4  
  34  3:05  Overlord  
  34  3:06  Overlord  
  34  3:08  Zergling x2  
  34  3:10  Zergling x2  
  36  3:17  Lair  
  36  3:22  Overlord  
  36  3:25  Drone  
  37  3:27  Drone  
  37  3:31  Drone  
  39  3:35  Drone x2  
  39  3:40  Drone x2  
  43  3:44  Drone x2  
  43  3:47  Drone  
  46  3:48  Drone  
  47  3:58  Drone x2  
  47  3:59  Drone x2  
  51  4:04  Extractor x2  
  51  4:05  Drone  
  51  4:06  Extractor  
  51  4:07  Extractor  
  51  4:08  Drone  
  44  4:25  Drone x10  
  44  4:27  Drone x2  
  56  4:34  Drone x2  
  58  4:40  Overlord  
  58  4:43  Hydralisk Den  
  58  4:44  Evolution Chamber  
  56  4:51  Drone x2  
  58  4:52  Overlord  
  58  4:53  Overlord  
  58  4:55  Drone, Extractor  
  58  4:58  Drone x3  
  61  5:00  Drone  
  61  5:02  Drone  
  61  5:03  Drone  
  61  5:04  Drone  
  61  5:06  Drone  
  66  5:10  Zerg Missile Weapons Level 1  
  66  5:12  Muscular Augments  
  66  5:18  Drone x3  
  66  5:20  Drone  
  70  5:22  Drone x2  
  70  5:24  Drone  
  70  5:27  Overlord x2  
  73  5:30  Hydralisk  
  73  5:32  Hydralisk  
  73  5:34  Hydralisk  
  79  5:36  Hydralisk  
  81  5:46  Hydralisk  
  81  5:48  Hydralisk  
  85  5:50  Hydralisk  
  85  5:52  Hatchery, Hydralisk  
  85  5:54  Hydralisk  
  85  5:56  Hydralisk  
  90  5:59  Hydralisk  
  90  6:01  Hydralisk  
  90  6:03  Hydralisk  
  98  6:10  Overlord  
  98  6:11  Overlord x2  
  98  6:28  Hydralisk x8  
  98  6:30  Hydralisk  
  98  6:32  Hydralisk  
  118  6:34  Hydralisk  
  118  6:36  Hydralisk  
  122  6:40  Overlord  
  122  6:41  Overlord  
  122  6:44  Overlord  
  122  6:58  Hydralisk x3  
  122  6:59  Hydralisk x2  
  122  7:00  Hydralisk x3  
  138  7:03  Overlord  
  138  7:05  Hydralisk  
  140  7:08  Lurker Den  
  140  7:11  Zerg Missile Weapons Level 2  
  140  7:15  Zergling x6  
  143  7:17  Zergling x4  
  143  7:19  Zergling x2  
  143  7:20  Zergling x2  
  143  7:21  Zergling x2  
  143  7:22  Zergling x2  
  149  7:24  Zergling x2  
  150  7:31  Zergling x12  
  156  7:38  Zergling x6  
  156  7:39  Zergling x2  
  133  8:04  Zergling x16  
  96  8:13  Hydralisk x7  
  96  8:17  Hydralisk  
  96  8:19  Hydralisk x2  
  106  8:26  Hydralisk  
  106  8:27  Hydralisk  
  110  8:31  Hydralisk  
  110  8:34  Hydralisk x2  
  116  8:39  Extractor  
  116  8:40  Lurker x2  
  122  8:41  Lurker  
  122  8:43  Drone x3, Extractor  
  122  8:45  Drone, Queen  
  127  8:51  Drone x2  
  127  8:52  Hydralisk  
  127  8:53  Lurker x2  
  127  8:54  Lurker x5  
  138  8:56  Overlord  
  138  8:57  Overlord, Hydralisk  
  140  9:04  Overlord x2  
  140  9:05  Hydralisk x3  
  143  9:34  Overseer  
  138  9:43  Lurker x6  
  138  9:44  Lurker  
  143  9:46  Zergling x36  
  143  9:50  Zerg Ground Armor Level 1  
  161  10:11  Hydralisk  
  161  10:12  Overlord x3  
  163  10:14  Hydralisk x2  
  163  10:15  Overlord x2  
  163  10:16  Zergling x6  
  163  10:20  Zergling x8  
  163  10:21  Zergling x4  
  160  10:41  Hydralisk x9  
  158  10:59  Lurker x2  
  158  11:03  Overseer x3  
  155  11:06  Lair  
  155  11:07  Pneumatized Carapace  
  155  11:08  Hydralisk x8  
  141  12:02  Lurker  
  142  12:11  Spawning Pool  
  92  12:29  Lurker x7  
  97  12:43  Spawning Pool  
  96  12:51  Lurker  
  97  12:53  Hatchery  
  96  13:02  Hatchery  
  61  14:02  Lurker  
  61  14:10  Hatchery  
Show
View Real Time Build Order
Export as new Build Order

MCanning Protoss - Winner!

Build Orders: Nexus First 

Get SALT Encoding   

  12  0:02  Probe (Chrono Boost)  
  13  0:13  Probe (Chrono Boost)  
  14  0:22  Pylon  
  14  0:23  Probe (Chrono Boost)  
  15  0:40  Probe (Chrono Boost)  
  16  0:51  Probe (Chrono Boost)  
  17  0:58  Nexus  
  17  1:09  Gateway  
  17  1:14  Probe (Chrono Boost)  
  18  1:22  Assimilator  
  18  1:24  Probe (Chrono Boost)  
  19  1:27  Assimilator  
  19  1:35  Probe (Chrono Boost)  
  20  1:44  Gateway  
  20  1:45  Probe (Chrono Boost)  
  21  1:56  Probe (Chrono Boost)  
  21  1:59  Cybernetics Core  
  22  2:06  Pylon  
  22  2:07  Probe (Chrono Boost)  
  23  2:13  Probe (Chrono Boost)  
  24  2:18  Probe (Chrono Boost)  
  25  2:23  Probe (Chrono Boost)  
  25  2:28  Probe (Chrono Boost)  
  27  2:35  Stalker (Chrono Boost)  
  29  2:37  Stalker (Chrono Boost)  
  29  2:43  Mothership Core (Chrono Boost)  
  33  2:47  Warp Gate  
  33  2:48  Probe  
  34  3:01  Probe (Chrono Boost)  
  34  3:04  Probe (Chrono Boost)  
  36  3:10  Sentry, Pylon  
  36  3:12  Probe (Chrono Boost)  
  39  3:15  Probe (Chrono Boost)  
  40  3:22  Probe (Chrono Boost)  
  40  3:25  Probe (Chrono Boost)  
  42  3:33  Probe (Chrono Boost)  
  43  3:35  Sentry  
  43  3:36  Probe (Chrono Boost)  
  46  3:43  Probe (Chrono Boost)  
  46  3:46  Probe (Chrono Boost)  
  46  3:48  Nexus  
  48  3:49  Pylon  
  48  3:54  Probe (Chrono Boost)  
  49  3:57  Probe (Chrono Boost)  
  49  4:02  Pylon  
  49  4:04  Probe (Chrono Boost)  
  50  4:11  Gateway  
  50  4:12  Probe (Chrono Boost)  
  50  4:14  Forge  
  50  4:15  Probe (Chrono Boost)  
  52  4:22  Probe (Chrono Boost)  
  53  4:25  Gateway  
  53  4:28  Probe (Chrono Boost)  
  53  4:30  Assimilator  
  54  4:31  Pylon  
  54  4:33  Probe (Chrono Boost)  
  54  4:34  Assimilator  
  55  4:38  Probe (Chrono Boost), Pylon  
  55  4:44  Probe (Chrono Boost)  
  57  4:49  Probe (Chrono Boost)  
  58  4:53  Stalker x2  
  58  4:54  Probe (Chrono Boost)  
  64  5:00  Probe (Chrono Boost)  
  64  5:03  Probe (Chrono Boost)  
  64  5:05  Probe (Chrono Boost)  
  66  5:09  Gateway  
  66  5:10  Gateway, Probe (Chrono Boost)  
  67  5:14  Probe (Chrono Boost)  
  67  5:15  Probe (Chrono Boost)  
  67  5:19  Sentry  
  67  5:21  Probe (Chrono Boost)  
  72  5:25  Probe (Chrono Boost)  
  72  5:27  Twilight Council  
  72  5:28  Forge  
  73  5:29  Robotics Facility  
  73  5:33  Probe (Chrono Boost)  
  74  5:36  Probe (Chrono Boost)  
  74  5:39  Stalker x2  
  74  5:41  Probe (Chrono Boost)  
  80  5:44  Probe (Chrono Boost)  
  80  5:46  Pylon  
  80  5:47  Probe (Chrono Boost)  
  80  5:49  Pylon  
  82  5:54  Probe (Chrono Boost)  
  82  5:56  Assimilator  
  83  6:00  Assimilator  
  83  6:01  Protoss Ground Weapons Level 1 (Chrono Boost)  
  83  6:03  Blink  
  83  6:07  Gateway  
  83  6:09  Gateway  
  83  6:10  Probe, Gateway  
  84  6:13  Pylon  
  84  6:20  Dark Shrine  
  84  6:21  Protoss Ground Armor Level 1 (Chrono Boost)  
  84  6:22  Observer (Chrono Boost), Robotics Bay  
  84  6:24  Probe  
  84  6:25  Probe  
  86  6:31  Adept x3  
  93  6:41  Observer (Chrono Boost)  
  94  6:47  Adept x3  
  94  6:51  Probe  
  101  6:55  Nexus  
  101  6:57  Pylon  
  101  6:59  Probe, Pylon  
  102  7:04  Probe  
  102  7:08  Disruptor x2 (Chrono Boost)  
  103  7:10  Disruptor (Chrono Boost)  
  103  7:13  Adept x6  
  103  7:14  Adept  
  120  7:19  Pylon  
  120  7:25  Sentry  
  120  7:29  Adept  
  124  7:36  Pylon  
  124  7:37  Pylon  
  124  7:39  Pylon  
  124  7:40  Stalker  
  125  7:56  Disruptor (Chrono Boost)  
  125  7:58  Dark Templar x2  
  121  7:59  Dark Templar  
  118  8:05  Dark Templar x2  
  118  8:06  Dark Templar  
  118  8:10  Probe  
  119  8:14  Probe  
  119  8:16  Protoss Ground Weapons Level 2 (Chrono Boost)  
  119  8:18  Mothership Core  
  121  8:27  Probe  
  121  8:28  Disruptor (Chrono Boost)  
  121  8:29  Pylon  
  121  8:32  Pylon  
  124  8:35  Pylon  
  124  8:39  Probe  
  125  8:41  Archon x2  
  125  8:42  Archon  
  125  8:45  Probe  
  125  8:46  Charge  
  125  8:48  Probe  
  127  8:55  Stalker  
  127  8:56  Stalker x4  
  127  8:59  Nexus  
  127  9:02  Pylon, Warp Prism (Chrono Boost)  
  139  9:04  Pylon  
  139  9:07  Probe, Pylon  
  140  9:10  Probe, Pylon  
  140  9:13  Robotics Facility  
  140  9:14  Zealot  
  140  9:15  Zealot  
  140  9:16  Pylon  
  145  9:17  Pylon  
  145  9:22  Zealot x4  
  153  9:26  Adept  
  153  9:29  Probe  
  153  9:30  Probe  
  152  9:39  Probe  
  153  9:45  Disruptor (Chrono Boost)  
  153  9:50  Probe  
  157  9:52  Probe  
  157  9:56  Probe  
  158  10:01  Disruptor (Chrono Boost)  
  158  10:05  Probe  
  162  10:10  Pylon  
  162  10:11  Zealot  
  162  10:12  Zealot x3  
  162  10:13  Dark Templar  
  172  10:17  Warp Prism (Chrono Boost)  
  172  10:18  Dark Templar  
  172  10:20  Dark Templar  
  176  10:26  Probe  
  177  10:30  Dark Templar x3  
  170  10:43  Disruptor (Chrono Boost)  
  170  10:46  Dark Templar x2  
  170  10:47  Dark Templar, Zealot  
  170  10:48  Warp Prism (Chrono Boost)  
  181  11:04  Disruptor x4 (Chrono Boost)  
  177  11:06  Stalker  
  177  11:07  Stalker x5  
  184  11:14  Pylon  
  184  11:17  Pylon x2  
  184  11:18  Pylon  
  182  11:32  Protoss Ground Weapons Level 3, Observer (Chrono Boost), Disruptor (Chrono Boost), Pylon  
  171  11:52  Dark Templar x3  
  177  11:55  Zealot x3  
  177  11:56  Zealot x3  
  177  12:00  Probe  
  190  12:07  Probe  
  176  12:15  Probe  
  176  12:17  Probe  
  176  12:20  Probe  
  172  12:24  Disruptor x2 (Chrono Boost)  
  172  12:30  Zealot x3  
  172  12:31  Zealot x4  
  172  12:33  Dark Templar x2  
  190  12:53  Zealot  
  190  12:54  Zealot x3  
  198  13:00  Stalker  
  195  13:09  Disruptor (Chrono Boost)  
  190  13:18  Disruptor (Chrono Boost)  
  182  13:24  Stalker x2  
  182  13:25  Stalker x2  
  182  13:26  Stalker x2  
  194  13:30  Probe  
  185  13:36  Zealot x2  
  185  13:37  Zealot  
  185  13:40  Disruptor (Chrono Boost)  
  184  13:49  Disruptor (Chrono Boost)  
  187  13:59  Zealot  
  187  14:00  Zealot x2  
  193  14:11  Observer (Chrono Boost)  
  186  14:24  Disruptor (Chrono Boost)  
Tags
 
Add a new tag
Caveats
  • Supply blocks, unpowered buildings, or Contaminate may cause inaccurate times.
  • Supply counts are checked every 10 seconds.